 Dungeon Crawl Stone Soup version 0.28.0 (webtiles) character file.

Game seed: 8631742645939896894

241 sasquatch the Ruffian (level 5, 0/46 HPs)
             Began as a Troll Transmuter on Feb 9, 2022.
             Slain by an orc (6 damage)
             ... on level 3 of the Dungeon.
             The game lasted 00:02:53 (1671 turns).

sasquatch the Ruffian (Troll Transmuter)            Turns: 1671, Time: 00:02:54

Health: 0/46       AC:  4    Str: 20    XL:     5   Next: 80%
Magic:  5/5        EV:  9    Int:  9    God:
Gold:   165        SH:  0    Dex: 10    Spells: 3/6 levels left

rFire   . . .      SeeInvis .     - Unarmed
rCold   . . .      Faith    .   (no shield)
rNeg    . . .      Spirit   .   a - +0 robe
rPois   .          Reflect  .   (helmet restricted)
rElec   .          Harm     .   (no cloak)
rCorr   .          Rampage  .   (gloves unavailable)
Will    .....                   (boots unavailable)
Stlth   +.........              (no amulet)
HPRegen 0.95/turn               (no ring)
MPRegen 0.09/turn               (no ring)

@: no status effects
A: large, unfitting armour, claws 3, regeneration 1, shaggy fur 1, tough skin 1
a: no special abilities


You were on level 3 of the Dungeon.
You visited 1 branch of the dungeon, and saw 3 of its levels.

You collected 165 gold pieces.

Inventory:

Missiles
 i - 3 poisoned darts
Armour
 a - a +0 robe (worn)
Scrolls
 c - 7 scrolls of identify {unknown}
 d - a scroll of fog {unknown}
 e - 4 scrolls of teleportation {unknown}
 f - a scroll of vulnerability {unknown}
 h - a scroll of summoning {unknown}
 l - a scroll of immolation {unknown}
Potions
 b - a potion of haste {unknown}
 g - a potion of mutation {unknown}
 j - a potion of might {unknown}
 k - a potion of heal wounds {unknown}


   Skills:
 - Level 0.7 Fighting
 - Level 1.5 Dodging
 + Level 5.1 Unarmed Combat
 - Level 1.2 Spellcasting
 + Level 3.4 Transmutations


You had 3 spell levels left.
You knew the following spells:

 Your Spells              Type           Power      Damage    Failure   Level
a - Beastly Appendage     Tmut           12%        N/A       9%          1
b - Wereblood             Tmut           6%         N/A       14%         2

Your spell library contained the following spells:

 Spells                   Type           Power      Damage    Failure   Level
 Spider Form              Tmut/Pois      3%         N/A       47%         3
 Dazzling Flash           Conj/Hex       0%         N/A       73%         3
 Ice Form                 Ice/Tmut       3%         N/A       87%         4
 Iskenderun's Mystic Bla  Conj/Tloc      0%         2d3       98%         4
 Starburst                Conj/Fire      0%         6d3       100%        6


Dungeon Overview and Level Annotations

Branches:
Dungeon (3/15)

Altars:
Qazlal
Beogh


Innate Abilities, Weirdness & Mutations

You are too large for most types of armour.
You have claws for hands.
Your natural rate of healing is unusually fast.
You are covered in fur. (AC +1)
You have tough skin. (AC +1)


Message History

* * * LOW HITPOINT WARNING * * *
Unknown command.
You miss the orc wizard.
The orc wizard is almost dead.
The orc wizard points at you and mumbles some strange words.
The magic dart hits you.
* * * LOW HITPOINT WARNING * * *
The orc hits you but does no damage.
You scratch the orc wizard. Your claw misses the orc wizard.
The orc wizard is almost dead.
The orc wizard casts a spell at you. The puff of flame hits you.
* * * LOW HITPOINT WARNING * * *
Unknown command.
You bump into the rock wall.
You barely miss the orc wizard.
The orc wizard is almost dead.
The orc wizard hits you with a +0 dagger.
* * * LOW HITPOINT WARNING * * *
Unknown command.
You bump into the rock wall.
The orc barely misses you.
The orc wizard gestures wildly while chanting.
The orc wizard flickers and vanishes!
Deactivating autopickup; reactivate with Ctrl-A.
Unknown command.
You're too confused to move!
The orc hits you with a +0 hand axe.
* * * LOW HITPOINT WARNING * * *
Something hits you but does no damage.
Unknown command.
You're too confused to move!
The orc hits you with a +0 hand axe.
* * * LOW HITPOINT WARNING * * *
You hear some strange, mumbled words.
A magic dart appears from out of thin air!
The magic dart hits you.
* * * LOW HITPOINT WARNING * * *
Unknown command.
You bump into the rock wall.
You feel less confused. The orc hits you with a +0 hand axe.
You die...

..........########.###.......#...
.......>...... ..#.# #..##.#.#...
.....#.###### #.#.###..##.#.#...
#...##.#### #.#.##...##.#.#...
##.###....# #.#.##..###.#.#...
#.# ####.# #.#.##..# #.#.#### #.#
#.# #.#.##..###.#.. #.# #.#
###{#.........# #.# #.#
#.o@####..##### #.# #.# #.###
#..# #.# #.# #.# #..# #.# #.# #.#
#..# #.# #.# #..# #.# #.######..#
#.# ##.##......# #.###...#.###.##
####>##.[....# #.# #####


You could see an orc.

Vanquished Creatures
  A phantom (D:3)
  An orc priest (D:3)
  A centaur skeleton (D:3)
  Jessica (D:3)
  A gnoll (D:2)
  3 adders
  A worm (D:2)
  A dart slug (D:3)
  An orc (D:3)
  4 endoplasms
  2 giant cockroaches
  3 goblins
  5 hobgoblins
  A quokka (D:2)
  7 ball pythons
  3 bats
  A frilled lizard (D:1)
  5 kobolds
  3 rats
45 creatures vanquished.

Notes
Turn   | Place    | Note
-------+----------+-------------------------------------------
     0 | D:1      | sasquatch the Troll Transmuter began the quest for the Orb.
     0 | D:1      | Reached XP level 1. HP: 18/18 MP: 1/1
   178 | D:1      | Reached XP level 2. HP: 17/26 MP: 2/2
   522 | D:2      | Found a faded altar of an unknown god.
   958 | D:2      | Reached XP level 3. HP: 32/32 MP: 3/3
   993 | D:2      | Learned a level 2 spell: Wereblood
  1071 | D:2      | Reached skill level 4 in Unarmed Combat
  1285 | D:3      | Noticed Jessica
  1295 | D:3      | Reached XP level 4. HP: 40/40 MP: 2/4
  1298 | D:3      | Killed Jessica
  1424 | D:3      | Found a stormy altar of Qazlal.
  1615 | D:3      | Noticed a phantom
  1634 | D:3      | Reached XP level 5. HP: 13/46 MP: 2/5
  1636 | D:3      | Killed a phantom
  1637 | D:3      | Reached skill level 5 in Unarmed Combat
  1671 | D:3      | Slain by an orc

Illustrated notes

Levels and vault maps discovered:
D:1:      dpeg_arrival_three_smaller_balls, layout_rooms
D:2:      layout_loops_ring, ebering_ecumenical_altar_mist, minmay_vboxes
D:3:      layout_loops_ring, mainiacjoe_overflow_surrounded_room,
          kennysheep_orc_chapel, uniq_jessica

Skill      XL: |  1  2  3  4  5 |
---------------+----------------+-----
Transmutations | 2 3 |  3.4
Unarmed Combat | 4 5 |  5.1
Fighting       | |  0.7
Dodging        | |  1.5
Spellcasting   | |  1.2

Action                   |  1- 3 |  4- 6 || total
-------------------------+-------+-------++-------
Melee: Unarmed           |    80 |    40 ||   120
       Punch             |     2 |     1 ||     3
       Headbutt          |     3 |       ||     3
       Kick              |     1 |     1 ||     2
 Cast: Beastly Appendage |     2 |     1 ||     3
       Wereblood         |     1 |     1 ||     2
Armor: Robe              |    31 |    11 ||    42
Dodge: Dodged            |    36 |    13 ||    49
